 Dungeon Crawl Stone Soup version 0.30-a0-1050-g2766ea1e55 (webtiles) character file.

Game seed: 2863819419963254485

282 Querens the Shield-Bearer (level 6, 0/49 HPs)
             Began as a Formicid Fighter on Apr 10, 2023.
             Slain by an ice beast (4 damage)
             ... on level 6 of the Dungeon.
             The game lasted 00:07:46 (2316 turns).

Querens the Shield-Bearer (Formicid Fighter)        Turns: 2316, Time: 00:07:47

Health: 0/49       AC:  9    Str: 22    XL:     6   Next: 54%
Magic:  6/6        EV:  9    Int:  8    God:
Gold:   199        SH:  5    Dex: 13    Spells: 5/5 levels left

rFire   . . .      SeeInvis +    a - +0 war axe
rCold   . . .      Faith    .    c - +0 buckler
rNeg    . . .      Spirit   .    b - +0 scale mail
rPois   .          Reflect  .    (helmet unavailable)
rElec   .          Rampage  .    (no cloak)
rCorr   .                        i - +0 pair of gloves
Will    .....                    t - +0 pair of boots Stlth
                                 (no amulet)
HPRegen 0.28/turn                (no ring)
MPRegen 0.10/turn                (no ring)

@: mighty
A: permanent stasis, dig shafts and tunnels, antennae 3, four strong arms
a: Dig, Shaft Self


You were on level 6 of the Dungeon.
You visited 1 branch of the dungeon, and saw 5 of its levels.

You collected 199 gold pieces.

Inventory:

Hand Weapons
 a - a +0 war axe (weapon)
Missiles
 m - a throwing net
Armour
 b - a +0 scale mail (worn)
 c - a +0 buckler (worn)
 i - a +0 pair of gloves (worn)
 t - a +0 pair of boots (worn)
Jewellery
 l - an amulet of regeneration
Wands
 q - a wand of polymorph (7)
 w - a wand of flame (12)
Scrolls
 e - a scroll of blinking {unknown}
 f - a scroll of teleportation
 h - 2 scrolls of identify {unknown}
 j - a scroll of butterflies {unknown}
 o - a scroll of enchant weapon {unknown}
 s - 3 scrolls of enchant armour {unknown}
 u - a scroll of poison {unknown}
 v - 2 scrolls of fear {unknown}
 x - a scroll of fog {unknown}
Potions
 g - 5 potions of curing {unknown}
 k - a potion of heal wounds {unknown}
 n - a potion of berserk rage {unknown}
 p - 2 potions of mutation {unknown}
 r - 3 potions of degeneration {unknown}


   Skills:
 + Level 4.6 Fighting
 * Level 3.6 Axes
 + Level 4.6 Armour
 + Level 5.6 Shields


You had 5 spell levels left.
You didn't know any spells.
Your spell library contained the following spells:

 Spells                   Type           Power      Damage    Failure   Level
 Apportation              Tloc           0%         N/A       78%         1
 Necrotise                Necr           0%         1d4       78%         1
 Sandblast                Erth           0%         2d4       78%         1
 Summon Small Mammal      Summ           0%         N/A       78%         1
 Passwall                 Tmut/Erth      0%         N/A       89%         2
 Stone Arrow              Conj/Erth      0%         3d7       98%         3
 Alistair's Intoxication  Tmut/Pois      0%         N/A       100%        5


Dungeon Overview and Level Annotations

Branches:
Dungeon (4/15)
 Temple: D:4-7

Altars:
Uskayaw

Shops:
D:3 (

Annotations:
D:6 Grinder


Innate Abilities, Weirdness & Mutations

You cannot be hasted, slowed, berserked, paralysed or teleported.
You can dig through walls and to a lower floor.
You have a pair of large antennae on your head. (SInv)
Your four strong arms can wield two-handed weapons with a shield.


Message History

You slash the ice beast!
The ice beast is almost dead.
You slash the ufetubus!
You kill the ufetubus!
The sentinel's mark upon you fades away.
The ice beast barely misses you. The ice beast closely misses you.
The iguana bites you!
Unknown command.
You hit the ice beast.
The ice beast is almost dead.
You hit the iguana but do no damage. The ice beast barely misses you.
The iguana bites you!
Unknown command.
Unknown command.
Unknown command.
You barely miss the ice beast.
The ice beast is almost dead.
You closely miss the iguana.
Grinder comes into view.
The ice beast hits you. The ice beast freezes you.
The iguana bites you but does no damage.
The ice beast barely misses you. The iguana bites you.
Unknown command.
Unknown command.
You closely miss the ice beast.
The ice beast is almost dead.
You closely miss the iguana.
Grinder blinks!
The iguana barely misses you.
The ice beast hits you but does no damage.
Unknown command.
Unknown command.
As you read the scroll labelled KYCELICLUIRR, it crumbles to dust.
You feel a strange sense of stasis.
It was a scroll of teleportation.
The ice beast hits you. The ice beast freezes you!
* * * LOW HITPOINT WARNING * * *
The iguana bites you.
* * * LOW HITPOINT WARNING * * *
You closely miss the ice beast.
The ice beast is almost dead.
You slash the iguana! The ice beast hits you.
You die...

#### ##..#
#...# #...#
#@## #Yl#
#OK## #.
#oKK#.....
#Kg##..{..
#Ko##..#
#KKK...#####
#f.##{.##..#
{{{
#..##..##..#


You could see a two-headed ogre, an ice beast, a kobold brigand, a sleepcap, an
iguana, a gnoll, 2 orcs and 7 kobolds.

Vanquished Creatures
  A scorpion (D:2)
  A hound (D:6)
  A sleepcap (D:4)
  5 gnolls
  4 adders
  An ufetubus (D:6)
  A dart slug (D:2)
  An orc (D:6)
  7 ball pythons
  7 bats
  5 endoplasms
  A giant cockroach (D:1)
  9 goblins
  7 hobgoblins
  3 jackals (D:1)
  8 kobolds
  4 quokkas
  3 frilled lizards
  6 rats
75 creatures vanquished.

Notes
Turn   | Place    | Note
-------+----------+-------------------------------------------
     0 | D:1      | Querens the Formicid Fighter began the quest for the Orb.
     0 | D:1      | Reached XP level 1. HP: 18/18 MP: 1/1
   141 | D:1      | Reached XP level 2. HP: 20/24 MP: 2/2
   186 | D:1      | Reached XP level 3. HP: 22/29 MP: 3/3
   795 | D:2      | Reached XP level 4. HP: 37/37 MP: 4/4
   892 | D:2      | Noticed a scorpion
   901 | D:2      | Killed a scorpion
   902 | D:2      | Reached skill level 5 in Shields
   902 | D:2      | Reached XP level 5. HP: 24/42 MP: 5/5
  1437 | D:3      | Reached XP level 6. HP: 46/48 MP: 6/6
  1814 | D:3      | Found a hide-covered altar of Uskayaw.
  1944 | D:3      | Found Myge Joa's Antique Weapon Emporium.
  2144 | D:4      | You fall into a shaft and drop 2 floors!
  2278 | D:6      | Noticed an ice beast
  2308 | D:6      | Noticed a two-headed ogre
  2313 | D:6      | Noticed Grinder
  2316 | D:6      | Slain by an ice beast

Illustrated notes

Levels and vault maps discovered:
D:1:      heliophobic_arrival_dark_side_of_the_moon, layout_basic,
          shapermc_ecumenical_altar_hornbeckon, st_stairs_10
D:2:      layout_basic, minmay_heptomino_w4
D:3:      layout_loops_corners, nicolae_uskayaw_murder_on_the_dancefloor,
          serial_shops, shop
D:4:      layout_basic, serial_shops, nicolae_shop_stone
D:6:      layout_gridville, uniq_grinder

Skill      XL: |  1  2  3  4 |
---------------+-------------+-----
Fighting       | 4 |  4.6
Armour         | 4 |  4.6
Axes           | 3 |  3.6
Shields        | 5 |  5.6

Action                     |  1- 3 |  4- 6 || total
---------------------------+-------+-------++-------
  Melee: War axe           |    82 |   137 ||   219
Ability: Dig               |       |     1 ||     1
    Use: Scroll            |       |     1 ||     1
         Potion            |       |     1 ||     1
 Armour: Scale mail        |    32 |    71 ||   103
  Dodge: Dodged            |    41 |    89 ||   130
  Block: Buckler           |    19 |    38 ||    57

Table legend: (Time is in decaauts)
 A = Elapsed time spent in this place.
 B = Non-inter-level travel time spent in this place.
 C = Inter-level travel time spent in this place.
 D = Time resting spent in this place.
 E = Time spent auto-exploring this place.
 F = Levels seen in this place.
 G = Mean time per level.
                   A        B        C        D        E       F      G
               +--------+--------+--------+--------+--------+-----+--------+
         Total |   2399 |   2230 |    169 |      0 |      0 |   5 |  479.8 |
       Dungeon |   2399 |   2230 |    169 |      0 |      0 |   5 |  479.8 |
               +--------+--------+--------+--------+--------+-----+--------+

Top non-repeatable levels by time:
     D:2: 756 daAuts
     D:3: 718 daAuts
     D:1: 705 daAuts
     D:6: 178 daAuts
     D:4: 41 daAuts
